 Dungeon Crawl Stone Soup version 0.31-a0-845-g9abc20d24f (webtiles) character file.

Game seed: 351628686033293764

11823 Shayle the Fighter (level 11, -6/133 HPs)
             Began as a Demonspawn Reaver on Oct 2, 2023.
             Was an Initiate of Gozag.
             Mangled by a wolf (8 damage)
             ... on level 1 of the Lair of Beasts.
             The game lasted 00:47:33 (12073 turns).

Shayle the Fighter (Demonspawn Reaver)             Turns: 12073, Time: 00:47:34

Health: -6/133     AC: 25    Str: 13    XL:     11   Next: 54%
Magic:  0/23       EV:  2    Int: 18    God:    Gozag
Gold:   246        SH:  0    Dex: 12    Spells: 20/26 levels left

rFire   . . .        z - +6 trident (drain)
rCold   + . .        (no shield)
rNeg    . . .        m - melded +0 swamp dragon scales
rPois   +            a - melded +2 hood of the Assassin {Detect Stab+ Stlth++}
rElec   .            B - melded +0 cloak
rCorr   .            (gloves currently unavailable)
SInv    .            l - melded +1 pair of boots of Jefaul {rCorr}
Will    .....        (no amulet)
Stlth   +            j - ring of protection from cold
HPRegen 0.42/turn    (no ring)
MPRegen 0.36/turn

%: guardian spirit
@: tree-form (expiring), gold aura
A: stationary, stasis, torment immunity, boosted hp, demonic guardian 2, magic
shield, magic regeneration, (sharp scales 1), (demonic touch 1)
a: Renounce Religion, Potion Petition, Call Merchant, Bribe Branch


You were on level 1 of the Lair of Beasts.
You worshipped Gozag.
Gozag was aware of your devotion.
You were a tree.
You visited 3 branches of the dungeon, and saw 12 of its levels.

You collected 2855 gold pieces.
You spent 1202 gold pieces at shops.
You paid 1407 gold pieces to Gozag.

Inventory:

Hand Weapons
 s - a +0 scimitar of flaming
 z - a +6 trident of draining (weapon)
Missiles
 d - 8 throwing nets
Armour
 a - the +2 hood of the Assassin (melded) {Detect Stab+ Stlth++}
   (You bought it in a shop on level 1 of the Lair of Beasts)

   Detect:    It allows the wearer to sense nearby creatures.
   Stab+:     It allows the wearer to make particularly effective stabbing
   attacks against helpless or unaware enemies with any weapon.
   Stlth++:   It makes you much more stealthy.
 g - a +1 ring mail
 l - the +1 pair of boots of Jefaul (melded) {rCorr}
   (You found it on level 3 of the Dungeon)

   rCorr:     It protects you from acid and corrosion.
 m - +0 swamp dragon scales (melded)
 p - an orb of guile
 w - a +1 leather armour of willpower
 B - a +0 cloak (melded)
Jewellery
 e - a +6 ring of dexterity
 j - a ring of protection from cold (left branch)
Wands
 t - a wand of polymorph (15)
 D - a wand of digging (4)
Scrolls
 c - 3 scrolls of immolation
 o - 6 scrolls of identify
 v - 3 scrolls of fog
 C - a scroll of amnesia
Potions
 i - 3 potions of enlightenment
 n - 2 potions of mutation
 r - a potion of haste
 u - 2 potions of cancellation
 A - a potion of magic


   Skills:
 + Level 9.5 Fighting
 - Level 2.6 Polearms
 + Level 8.5 Armour
 - Level 1.7 Dodging
 - Level 8.0 Spellcasting
 - Level 5.3 Conjurations
 - Level 7.8 Necromancy
 + Level 3.2 Air Magic
 + Level 3.6 Poison Magic


You had 20 spell levels left.
You knew the following spells:

 Your Spells              Type           Power      Damage    Failure   Level
a - Kiss of Death         Conj/Necr      100%       2d13      1%          1
b - Wereblood             Tmut           7%         N/A       14%         2
c - Mephitic Cloud        Conj/Pois/Air  21%        N/A       5%          3

Your spell library contained the following spells:

 Spells                   Type           Power      Damage    Failure   Level
 Static Discharge         Conj/Air       44%        2-4/arc   2%          2
 Poisonous Vapours        Pois/Air       38%        N/A       3%          2
 Momentum Strike          Conj/Tloc      32%        3d8       4%          2
 Dazzling Flash           Conj/Hex       32%        N/A       10%         3
 Hailstorm                Conj/Ice       16%        3d6       10%         3
 Agony                    Necr           35%        N/A       11%         5
 Airstrike                Air            9%         2d(2-18)  26%         4
 Tukima's Dance           Hex            7%         N/A       28%         3
 Summon Lightning Spire   Summ/Air       13%        N/A       45%         4
 Freezing Cloud           Conj/Ice/Air   8%         6-21      63%         5
 Irradiate                Conj/Tmut      8%         3d14      65%         5
 Passage of Golubria      Tloc           7%         N/A       67%         4
 Silence                  Hex/Air        6%         N/A       80%         5
 Yara's Violent Unravell  Hex/Tmut       3%         3d4       95%         5
 Lehudib's Crystal Spear  Conj/Erth      8%         10d3      100%        8


Dungeon Overview and Level Annotations

Branches:
Dungeon (9/15)             Temple (1/1) D:4            Lair (2/5) D:9
  Swamp: Lair:2-3    Shoals: Lair:2-3     Snake: Lair:2-3    Spider: Lair:2-3
    Orc: D:9-12

Altars:
Ashenzari
Cheibriados
Dithmenos
Fedhas
Gozag
Hepliaklqana
Kikubaaqudgha
Makhleb
Nemelex Xobeh
Okawaru
Qazlal
Ru
Sif Muna
Trog
Uskayaw
Vehumet
Wu Jian
Xom
Yredelemnul

Shops:
D:6 ?   Lair:1 [


Innate Abilities, Weirdness & Mutations

You are a tree.
Your roots penetrate the ground, keeping you stationary.
You cannot be teleported.
You are immune to unholy pain and torment.
Your maximum health is greatly increased.
Your equipment is partially melded.
A demonic guardian rushes to your aid.
When hurt, damage is shared between your health and your magic reserves.
You regenerate magic rapidly.
((You are partially covered in razor-sharp scales. (AC +1, Slay +1)))
((Your touch may inflict minor irresistible damage on your foes.))


Message History

The mass of ice explodes!
The iceblast engulfs the boulder beetle but does no damage.
The boulder beetle is moderately wounded.
The iceblast engulfs the blink frog!
You kill the blink frog!
The now-empty wand crumbles to dust.
You hear a trumpeting!
The wolf bites you but does no damage. x3
You puncture the boulder beetle! You drain the boulder beetle.
The boulder beetle is heavily wounded.
The blink frog seems less confused.
The wolf bites you.
* * * LOW HITPOINT WARNING * * *
The wolf bites you.
* * * LOW HITPOINT WARNING * * *
The wolf bites you but does no damage. x2; The boulder beetle hits you!!
* * * LOW HITPOINT WARNING * * *
A demonic guardian appears!
The boulder beetle stops rolling and uncurls.
The blink frog blinks!
Okay, then.
You hit the boulder beetle but do no damage.
You drain the boulder beetle.
The boulder beetle is heavily wounded.
The wolf bites you.
* * * LOW HITPOINT WARNING * * *
The wolf bites you.
* * * LOW HITPOINT WARNING * * *
The blink frog hits your hellwing but does no damage.
The wolf bites you.
* * * LOW HITPOINT WARNING * * *
The wolf bites you but does no damage.
The boulder beetle leaps!
The blink frog hits your hellwing!
Your hellwing hits the blink frog!
The blink frog dies!
You completely miss the wolf.
The wolf is lightly wounded.
The wolf bites you.
* * * LOW HITPOINT WARNING * * *
The wolf bites you!
You die...
Your body crumbles into a pile of gold.

......!...... #...
.......Y........ . #...
................ .F##...
................
.......#................
...)....................
..../...................
......$$h.$.............
#.♣h4..............
#P.°..............§.
.......$...#. ...
............... .. ≈≈
........(...... .§§ ##§
....).......... #.§##≈≈
..........B#... ..§§≈≈≈
..............# #......
#......


You could see a boulder beetle (poisoned, slow, drained, ally target), a blink
frog, 2 wolves and a friendly hellwing (summoned).

Vanquished Creatures
  A catoblepas (Lair:2)
  Erica (D:8)
  Pikel (D:7)
  2 elephants
  2 cane toads
  Maggie (D:6)
  Jeremiah (D:8)
  5 blink frogs
  2 raiju (D:7)
  Prince Ribbit (D:6)
  A wyvern (Lair:1)
  5 yaks (Lair:1)
  2 acid dragons (D:9)
  6 water moccasins
  An ice beast (D:5)
  A sky beast (D:6)
  An orc warrior (D:9)
  9 wolves
  An ogre (D:7)
  4 gnoll sergeants (D:5)
  6 kobold brigands
  5 bullfrogs
  6 scorpions
  3 wights
  4 electric eels (D:7)
  10 hounds
  4 jellies
  Crazy Yiuf (D:2)
  4 orc priests
  3 gnoll boudas (D:5)
  Natasha (thrice) (D:3)
  An iguana (D:5)
  6 orc wizards
  A hell rat (Lair:2)
  27 gnolls
  6 river rats
  9 adders
  A shadow imp (D:5)
  4 worms
  3 dart slugs
  26 orcs
  7 endoplasms
  4 giant cockroaches
  7 goblins
  A hobgoblin (D:1)
  7 jackals
  6 quokkas
  3 ball pythons
  4 bats
  4 frilled lizards
  30 kobolds
  8 rats
262 creatures vanquished.

Vanquished Creatures (collateral kills)
  2 komodo dragons
  A blink frog (Lair:1)
  An orc warrior (D:8)
  A black bear (D:9)
  An ogre (D:7)
  A scorpion (D:6)
  A killer bee (D:7)
  A howler monkey (D:4)
  An orc wizard (D:7)
  An orc (D:4)
11 creatures vanquished.

Vanquished Creatures (others)
  An orc (D:7)
1 creature vanquished.

Grand Total: 274 creatures vanquished

Notes
Turn   | Place    | Note
-------+----------+-------------------------------------------
     0 | D:1      | Shayle the Demonspawn Reaver began the quest for the Orb.
     0 | D:1      | Reached XP level 1. HP: 16/16 MP: 3/3
    69 | D:1      | Found a faded altar of an unknown god.
   240 | D:1      | Gained mutation: Your touch may inflict minor irresistible
                  | damage on your foes. [demonic ancestry]
   240 | D:1      | Reached XP level 2. HP: 22/22 MP: 5/5
   364 | D:1      | Reached skill level 1 in Necromancy
   734 | D:1      | Reached skill level 1 in Armour
   734 | D:1      | Reached XP level 3. HP: 21/28 MP: 6/6
  1088 | D:2      | Reached XP level 4. HP: 34/34 MP: 7/7
  1520 | D:2      | Found a runed translucent door.
  1521 | D:2      | Noticed Crazy Yiuf
  1749 | D:3      | Noticed Natasha
  1757 | D:3      | Killed Natasha
  1758 | D:3      | Reached skill level 3 in Fighting
  1891 | D:2      | Reached XP level 5. HP: 40/41 MP: 9/9
  1914 | D:3      | Identified the +1 pair of boots of Jefaul {rCorr}
  2210 | D:3      | Noticed Natasha
  2220 | D:3      | Killed Natasha
  2579 | D:3      | Noticed Natasha
  2594 | D:3      | Killed Natasha
  3033 | D:4      | Gained mutation: A weak demonic guardian rushes to your
                  | aid. [demonic ancestry]
  3033 | D:4      | Reached XP level 6. HP: 39/47 MP: 9/11
  3095 | D:4      | Found a staircase to the Ecumenical Temple.
  3344 | D:4      | Reached skill level 4 in Fighting
  3349 | D:4      | Gained mutation: You are partially covered in razor-sharp
                  | scales. (AC +1, Slay +1) [demonic ancestry]
  3349 | D:4      | Reached XP level 7. HP: 26/54 MP: 12/12
  3672 | Temple   | Entered the Ecumenical Temple
  3732 | Temple   | Became a worshipper of Gozag Ym Sagoz the Greedy
  4155 | D:5      | Entered Level 5 of the Dungeon
  4637 | D:5      | Gained mutation: You regenerate magic rapidly. [demonic
                  | ancestry]
  4637 | D:5      | Reached XP level 8. HP: 55/61 MP: 14/14
  4705 | D:5      | Learned a level 2 spell: Wereblood
  4729 | D:5      | Reached skill level 5 in Fighting
  4806 | D:5      | Reached skill level 5 in Necromancy
  5123 | D:5      | Reached skill level 5 in Spellcasting
  5845 | D:6      | Reached skill level 5 in Armour
  5854 | D:6      | Found a shadowy altar of Dithmenos.
  5892 | D:6      | Noticed Maggie
  5900 | D:6      | Killed Maggie
  5901 | D:6      | Reached skill level 6 in Fighting
  5901 | D:6      | Reached XP level 9. HP: 50/69 MP: 17/17
  5963 | D:6      | Identified a scroll of acquirement
  5963 | D:6      | Acquired a ring of protection from cold
  6187 | D:6      | Found Loidala's Magic Scroll Boutique.
  6195 | D:6      | Bought a scroll of identify for 26 gold pieces
  6195 | D:6      | Bought a scroll of fear for 52 gold pieces
  6195 | D:6      | Bought a scroll of identify for 26 gold pieces
  6195 | D:6      | Bought a scroll of fear for 52 gold pieces
  6195 | D:6      | Bought a scroll of identify for 26 gold pieces
  6550 | D:7      | Noticed Prince Ribbit
  6644 | D:6      | Killed Prince Ribbit
  7053 | D:7      | Noticed Joseph
  7070 | D:7      | Joseph changed into Joseph the water moccasin
  7070 | D:7      | Noticed Joseph
  7075 | D:7      | Killed Joseph the water moccasin
  7272 | D:7      | Found a broken altar of Ashenzari.
  7528 | D:7      | Noticed Pikel
  7552 | D:7      | Killed Pikel
  7553 | D:7      | Reached skill level 7 in Fighting
  8078 | D:7      | Found a basalt altar of Yredelemnul.
  8437 | D:8      | Noticed Jeremiah
  8474 | D:8      | Killed Jeremiah
  8475 | D:8      | Gained mutation: A demonic guardian rushes to your aid.
                  | [demonic ancestry]
  8475 | D:8      | Reached XP level 10. HP: 30/73 MP: 20/20
  8537 | D:8      | Acquired 1208 gold pieces
  9012 | D:8      | Noticed Erica
  9413 | D:2      | Killed Crazy Yiuf
 10178 | D:8      | Killed Erica
 10179 | D:8      | Reached skill level 8 in Fighting
 10890 | D:9      | Found a staircase to the Lair.
 10946 | Lair:1   | Entered Level 1 of the Lair of Beasts
 10990 | Lair:1   | Reached skill level 5 in Conjurations
 11138 | Lair:1   | Bought the +2 hood of the Assassin {Detect Stab+ Stlth++}
                  | for 1020 gold pieces
 11138 | Lair:1   | Found the +2 hood of the Assassin {Detect Stab+ Stlth++}
 11166 | Lair:1   | Noticed a cane toad
 11185 | Lair:1   | Killed a cane toad
 11241 | Lair:1   | Noticed an elephant
 11242 | Lair:1   | Noticed an elephant
 11281 | Lair:1   | Killed an elephant
 11335 | Lair:1   | Learned a level 3 spell: Mephitic Cloud
 11354 | Lair:1   | Noticed an elephant
 11417 | Lair:1   | Gained mutation: When hurt, damage is shared between your
                  | health and your magic reserves. [demonic ancestry]
 11417 | Lair:1   | Reached XP level 11. HP: 87/87 MP: 23/23
 11441 | Lair:1   | Reached skill level 1 in Poison Magic
 11445 | Lair:1   | Reached skill level 1 in Air Magic
 11599 | Lair:2   | Noticed an eight-headed hydra
 11610 | Lair:2   | Reached skill level 9 in Fighting
 11615 | Lair:2   | Noticed a catoblepas
 11668 | Lair:2   | Killed a catoblepas
 11861 | Lair:2   | Noticed an eight-headed hydra
 12044 | Lair:1   | Noticed a boulder beetle
 12072 | Lair:1   | HP: 6/133 [wolf (3)]
 12072 | Lair:1   | HP: 2/133 [wolf (2)]
 12073 | Lair:1   | Mangled by a wolf

Illustrated notes

Levels and vault maps discovered:
D:1:      heliophobic_arrival_dark_side_of_the_moon, layout_rooms,
          ebering_ecumenical_altar_webs
D:2:      layout_basic, uniq_crazy_yiuf_cottage
D:3:      layout_loops_ring, uniq_natasha
D:4:      layout_loops_ring, minmay_temple_entry_purple_smoke,
          lightli_sewer_entry_pipes
D:5:      layout_cave_pools, serial_gnoll_camp, gnoll_camp_mini_house,
          gnoll_camp_medium_02, gnoll_camp_mini_hut, gnoll_camp_mini_house,
          gnoll_camp_mini_house
D:6:      layout_gridville, nicolae_dithmenos_the_darkroom, serial_shops, shop,
          uniq_maggie
D:7:      layout_loops_cross, kennysheep_mini_moat, yredelemnul_altar_generic,
          nicolae_have_a_lightning_rod, uniq_pikel, uniq_prince_ribbit1,
          uniq_joseph
D:8:      layout_loops_corners, grunt_decor_mini_mirrors, uniq_erica,
          uniq_jeremiah
D:9:      layout_basic, grunt_lair_entry_orc_guard_hut
Temple:   compressed_dpeg_triangle_lava_temple
Lair:1:   layout_gridlike, chequers_serial_rivers_marsh, serial_bayou_shore_b,
          infiniplex_staircase_pool
Lair:2:   lemuel_ratsnest, layout_layer_cave, nicolae_snake_entry_squirm,
          chequers_serial_rivers_room_b, grunt_forest_large_clearing_hut

Skill      XL: |  1  2  3  4  5  6  7  8  9 10 11 |
---------------+----------------------------------+-----
Necromancy     | 1 2 3 4 6 7 |  7.8
Armour         | 1 2 3 4 5 6 7 8 |  8.5
Fighting       | 3 4 6 7 8 9 |  9.5
Spellcasting   | 3 4 5 6 8 |  8.0
Conjurations   | 5 |  5.3
Poison Magic   | 3 |  3.6
Air Magic      | 3 |  3.2
Polearms       | |  2.6
Dodging        | |  1.7

Action                     |  1- 3 |  4- 6 |  7- 9 | 10-12 || total
---------------------------+-------+-------+-------+-------++-------
  Melee: Spear             |    95 |   114 |       |       ||   209
         Punch             |     1 |     1 |     3 |     5 ||    10
         Touch             |    11 |    25 |    80 |    46 ||   162
         Morningstar       |       |    91 |   445 |       ||   536
         Trident           |       |       |       |   257 ||   257
  Throw: Dart              |     3 |       |       |     1 ||     4
   Cast: Mephitic Cloud    |       |       |       |    14 ||    14
         Wereblood         |       |       |       |     2 ||     2
 Invoke: Call Merchant     |       |       |       |     1 ||     1
         Potion Petition   |       |       |       |     2 ||     2
  Evoke: Wand              |       |       |    13 |    17 ||    30
    Use: Scroll            |     2 |     9 |     8 |     9 ||    28
         Potion            |     1 |     2 |     4 |     3 ||    10
   Stab: Distracted        |       |       |     6 |     1 ||     7
         Confused          |       |       |       |     4 ||     4
         Invisible         |       |       |       |     2 ||     2
         Petrified         |       |       |       |     2 ||     2
         Petrifying        |       |       |       |     1 ||     1
 Armour: Leather armour    |    33 |       |       |       ||    33
         Ring mail         |    44 |   150 |   285 |       ||   479
         Swamp dragon scal |       |       |   332 |   264 ||   596
         Skin              |       |       |       |   102 ||   102
  Dodge: Dodged            |    56 |   110 |   350 |   138 ||   654

Table legend: (Time is in decaauts)
 A = Elapsed time spent in this place.
 B = Non-inter-level travel time spent in this place.
 C = Inter-level travel time spent in this place.
 D = Time resting spent in this place.
 E = Time spent auto-exploring this place.
 F = Levels seen in this place.
 G = Mean time per level.
                   A        B        C        D        E       F      G
               +--------+--------+--------+--------+--------+-----+--------+
         Total |  12444 |  11828 |    616 |   3194 |   4409 |  12 | 1037.0 |
       Dungeon |  11333 |  10738 |    595 |   3032 |   4237 |   9 | 1259.2 |
        Temple |     79 |     79 |      0 |      0 |      0 |   1 |   79.0 |
          Lair |   1030 |   1009 |     21 |    162 |    172 |   2 |  515.0 |
               +--------+--------+--------+--------+--------+-----+--------+

Top non-repeatable levels by time:
     D:7: 1814 daAuts
     D:6: 1769 daAuts
     D:5: 1403 daAuts
     D:4: 1398 daAuts
     D:8: 1356 daAuts
     D:2: 1153 daAuts
     D:3: 1048 daAuts
     D:1: 896 daAuts
  Lair:1: 576 daAuts
     D:9: 493 daAuts
  Lair:2: 454 daAuts
  Temple: 79 daAuts
